 Dungeon Crawl Stone Soup version 0.29.1-4-g47bece8355 (webtiles) character file.

Game seed: 15814785105813787657

46 GigaChad the Covered (level 3, -1/33 HPs)
             Began as a Minotaur Fighter on Dec 5, 2022.
             Frozen to death by an endoplasm (2 damage)
             ... on level 3 of the Dungeon.
             The game lasted 00:03:40 (1639 turns).

GigaChad the Covered (Minotaur Fighter)             Turns: 1639, Time: 00:03:40

Health: -1/33      AC: 14    Str: 22    XL:     3   Next: 44%
Magic:  2/2        EV:  4    Int:  5    God:
Gold:   69         SH:  8    Dex:  9    Spells: 2/2 levels left

rFire   . . .      SeeInvis .   a - +2 war axe
rCold   . . .      Faith    .   o - +0 kite shield
rNeg    . . .      Spirit   .   k - +1 plate armour
rPois   .          Reflect  .   (helmet restricted)
rElec   .          Harm     .   h - +0 cloak
rCorr   .          Rampage  .   (no gloves)
Will    .....                   (no boots)
Stlth   ..........              (no amulet)
HPRegen 0.11/turn               (no ring)
MPRegen 0.08/turn               (no ring)

@: no status effects
A: horns 2, retaliatory headbutt
a: no special abilities


You were on level 3 of the Dungeon.
You visited 1 branch of the dungeon, and saw 3 of its levels.

You collected 69 gold pieces.

Inventory:

Hand Weapons
 a - a +2 war axe (weapon)
Armour
 b - a +0 scale mail
 c - a +0 buckler
 h - a +0 cloak (worn)
 k - a +1 plate armour (worn)
 o - a +0 kite shield (worn)
Jewellery
 j - a ring of ice
Scrolls
 l - a scroll of teleportation {unknown}
 p - 2 scrolls of enchant weapon
Potions
 d - a potion of might
 e - 2 potions of lignification {unknown}
 f - a potion of mutation {unknown}
 g - a potion of magic {unknown}
 i - a potion of resistance {unknown}
 m - 2 potions of flight {unknown}
 q - a potion of curing {unknown}


   Skills:
 + Level 4.2 Fighting
 + Level 3.0 Axes
 + Level 4.3 Armour
 + Level 4.0 Shields


You had 2 spell levels left.
You didn't know any spells.
Your spell library contained the following spells:

 Spells                   Type           Power      Damage    Failure   Level
 Freeze                   Ice            0%         1d3       100%        1
 Summon Ice Beast         Ice/Summ       0%         N/A       100%        4


Dungeon Overview and Level Annotations

Branches:
Dungeon (3/15)

Altars:


Innate Abilities, Weirdness & Mutations

You have a pair of horns on your head.
You reflexively headbutt those who attack you in melee.


Message History

The hound barely misses you. The orc hits you with a +0 hand axe.
You slash the hound!
The hound is severely wounded.
You hit the orc.
The hound pauses to sniff the ground.
The hound bites you but does no damage. x2; You block the orc's attack.
The hound bites you but does no damage.
You closely miss the orc.
The orc is severely wounded.
You hit the endoplasm but do no damage. You barely miss the hound.
The endoplasm freezes you.
You are frozen.
The orc hits you but does no damage. The hound bites you but does no damage.
You block the endoplasm's attack. The orc hits you but does no damage.
You block the hound's attack.
You barely miss the hound.
The hound is severely wounded.
You closely miss the orc. You hit the endoplasm.
The hound bites you but does no damage.
The endoplasm hits you but does no damage.
The orc hits you with a +0 hand axe.
* * * LOW HITPOINT WARNING * * *
You block the hound's attack.
You hit the hound.
The hound is severely wounded.
You barely miss the endoplasm. You barely miss the orc.
You block the hound's attack. The endoplasm hits you.
* * * LOW HITPOINT WARNING * * *
The orc hits you but does no damage. The hound bites you but does no damage.
The endoplasm freezes you.
You are frozen.
* * * LOW HITPOINT WARNING * * *
The orc hits you but does no damage.
As you read the scroll labelled WOANIO BEUSAD, it crumbles to dust.
It is a scroll of enchant armour.
Your +0 plate armour glows green for a moment.
The hound bites you.
* * * LOW HITPOINT WARNING * * *
The endoplasm freezes you.
You are frozen.
You die...

................
#.###.#.########
# #.......# .
..###.......#.#
....#..........
...............
............#.#
......Jh##.#...
......o@# .####
....##### .#
.... ###


You could see a hound, an orc and an endoplasm.

Vanquished Creatures
  A worm (D:2)
  A dart slug (D:2)
  3 orcs (D:3)
  A ball python (D:2)
  6 bats
  5 endoplasms
  2 giant cockroaches (D:2)
  3 goblins (D:2)
  4 hobgoblins
  6 kobolds
  2 rats
34 creatures vanquished.

Notes
Turn   | Place    | Note
-------+----------+-------------------------------------------
     0 | D:1      | GigaChad the Minotaur Fighter began the quest for the Orb.
     0 | D:1      | Reached XP level 1. HP: 19/19 MP: 0/0
   377 | D:1      | Reached XP level 2. HP: 21/27 MP: 1/1
  1223 | D:2      | Reached XP level 3. HP: 33/33 MP: 2/2
  1230 | D:2      | Got the Discursus on Ice
  1639 | D:3      | HP: 1/33 [hound (1)]
  1639 | D:3      | Frozen to death by an endoplasm

Illustrated notes

Levels and vault maps discovered:
D:1:      ncdulo_smallfort, layout_basic, dreamdust_princess_bridge
D:2:      layout_basic
D:3:      layout_basic, mainiacjoe_overflow_catwalk

Skill      XL: |  1  2  3 |
---------------+----------+-----
Fighting       | 4 |  4.2
Armour         | 4 |  4.3
Axes           | 3 |  3.0
Shields        | 4 |  4.0

Action                   || total
-------------------------++-------
Melee: War axe           ||    70
       Headbutt          ||     6
  Use: Scroll            ||     4
Armor: Plate armour      ||    70
       Scale mail        ||     7
Dodge: Dodged            ||    36
Block: Buckler           ||    17
       Kite shield       ||    19
